 Dungeon Crawl Stone Soup version 0.20.1-1-g8b1a95d (webtiles) character file.

71 LiquoriceLizzard the Stinger (level 4, 0/30 HPs)
             Began as a Merfolk Venom Mage on Nov 5, 2017.
             Slain by Robin
             ... wielding a +0 trident
              (7 damage)
             ... on level 2 of the Dungeon.
             The game lasted 00:15:55 (2299 turns).

LiquoriceLizzard the Stinger (Merfolk Venom Mage)   Turns: 2299, Time: 00:15:56

Health: 0/30       AC:  2    Str:  8    XL:     4   Next: 24%
Magic:  7/7        EV: 13    Int: 14    God:
Gold:   53         SH:  0    Dex: 15    Spells: 1/7 levels left

rFire    . . .     SeeInvis .   j - +0 spear
rCold    . . .     Gourm    .   (no shield)
rNeg     . . .     Faith    .   a - +0 robe
rPois    .         Spirit   .   (no helmet)
rElec    .         Reflect  .   (no cloak)
rCorr    .         Harm     .   (no gloves)
MR       .....                  (no boots)
Stlth    ++........             (no amulet)
Regen    0.1/turn               (no ring)
MPRegen  0.1/turn               (no ring)

@: berserk cooldown, slowed, very slow
A: change form in water, swift swim, stealthy swim
a: no special abilities


You were on level 2 of the Dungeon.
You were not hungry.

You visited 1 branch of the dungeon, and saw 2 of its levels.

You collected 53 gold pieces.

Inventory:

Hand Weapons
 j - a +0 spear (weapon)
Missiles
 r - 2 javelins (quivered)
Armour
 a - a +0 robe (worn)
Scrolls
 e - a scroll of identify {unknown}
 h - a scroll of recharging {unknown}
 l - a scroll of fear {unknown}
 m - a scroll of teleportation {unknown}
 n - 2 scrolls of magic mapping {unknown}
Potions
 f - a potion of haste {unknown}
 g - a potion of mutation {unknown}
 k - a potion of magic {unknown}
 o - a potion of invisibility {unknown}
 p - a potion of curing {unknown}
 q - a potion of heal wounds {unknown}
Books
 b - a Young Poisoner's Handbook

   Spells                             Type                      Level
   a - Sting                          Conjuration/Poison           1
   b - Poisonous Vapours              Poison/Air                   2
   c - Mephitic Cloud                 Conjuration/Poison/Air       3
   d - Olgreb's Toxic Radiance        Poison                       4
   e - Venom Bolt                     Conjuration/Poison           5
Comestibles
 c - 2 bread rations
 i - a royal jelly


   Skills:
 + Level 0.2 Fighting
 + Level 1.3 Polearms
 + Level 3.1 Dodging
 + Level 2.6 Stealth
 + Level 2.3 Spellcasting
 + Level 1.3 Conjurations
 + Level 4.1 Poison Magic


You had one spell level left.
You knew the following spells:

 Your Spells              Type           Power        Failure   Level  Hunger
a - Sting                 Conj/Pois      #...         8%          1    #......
b - Poisonous Vapours     Pois/Air       #.....       14%         2    ###....
c - Mephitic Cloud        Conj/Pois/Air  #.......     32%         3    ###....


Dungeon Overview and Level Annotations

Branches:
Dungeon (2/15)

Altars:
Uskayaw

Annotations:
D:2 Robin


Message History

The goblins go into a battle-frenzy!
Robin says, "A pitiful Merfolk like you will never find the ORB!"
You hit the goblin.
You kill the goblin!
You barely miss the goblin. The goblin hits you with a dagger.
Robin closely misses you. The goblin hits you with a dagger!
* * * LOW HITPOINT WARNING * * *
It was a potion of berserk rage.
A red film seems to cover your vision as you go berserk!
You feel yourself moving faster!
You feel mighty! Robin misses you. The goblin closely misses you.
You feel a strong urge to attack something.
You feel your anger subside.
You are no longer berserk.
You are exhausted.
You feel yourself slow down. The goblin barely misses you.
You hit the goblin.
The goblin is almost dead.
Robin misses you. The goblin closely misses you.
Robin hits you from afar with a trident!
You die...

####### #..#
#####..# ...#..#
######.#..#
#.........#
......##.####.#g##
#.#.#.##.# #.#g#
.#.#.#.#..# #.#g#
.#.#.#.#..# #.#@#
.#.#.#.#..####.#.#
.#.#.#.#.....#.#.#
.#(#.#.#..##.#.#.#
...............#.#
.#.#.#.#..##.#.#.#
...#.#.........#.#
.###.#.....#.###.#
...........#.# #.#


You could see Robin, a hobgoblin and a goblin.

Vanquished Creatures
  2 gnolls (D:1)
  An adder (D:2)
  A worm (D:1)
  A dart slug (D:1)
  A leopard gecko (D:2)
  A giant cockroach (D:1)
  12 goblins
  6 hobgoblins
  3 kobolds
  A ball python (D:1)
  A bat (D:2)
  A frilled lizard (D:1)
  3 rats (D:1)
34 creatures vanquished.

Notes
Turn   | Place    | Note
-------+----------+-------------------------------------------
     0 | D:1      | LiquoriceLizzard the Merfolk Venom Mage began the quest for the Orb.
     0 | D:1      | Reached XP level 1. HP: 13/13 MP: 3/3
   533 | D:1      | Reached XP level 2. HP: 19/19 MP: 0/5
   541 | D:1      | Learned a level 2 spell: Poisonous Vapours
   648 | D:1      | Reached XP level 3. HP: 16/24 MP: 0/6
   671 | D:1      | Reached skill level 4 in Poison Magic
  1096 | D:1      | Reached skill level 1 in Conjurations
  1740 | D:2      | Reached XP level 4. HP: 30/30 MP: 4/7
  1745 | D:2      | Learned a level 3 spell: Mephitic Cloud
  1946 | D:2      | Noticed a hand axe
  1946 | D:2      | Noticed a dagger
  1947 | D:2      | Found a hide-covered altar of Uskayaw.
  2257 | D:2      | Noticed Robin
  2260 | D:2      | Reached skill level 1 in Polearms
  2299 | D:2      | Slain by Robin

Skill      XL: |  1  2  3  4 |
---------------+-------------+-----
Dodging        | 3 |  3.1
Poison Magic   | 4 |  4.1
Conjurations   | 1 |  1.3
Polearms       | 1 |  1.3
Fighting       | |  0.2
Stealth        | |  2.6
Spellcasting   | |  2.3

Action                   |  1- 3 |  4- 6 || total
-------------------------+-------+-------++-------
Melee: Unarmed           |     2 |       ||     2
       Spear             |    33 |    16 ||    49
 Cast: Sting             |    37 |     5 ||    42
       Poisonous Vapours |     4 |     1 ||     5
       Mephitic Cloud    |       |     1 ||     1
  Use: Potion            |       |     1 ||     1
  Eat: Chunk             |     3 |       ||     3
       Bread ration      |       |     1 ||     1
Armor: Robe              |     6 |     5 ||    11
Dodge: Dodged            |    16 |    16 ||    32
